 Dungeon Crawl Stone Soup version 0.26-a0-610-g3e9335bbc7 (webtiles) character file.

Game seed: 14600220057922947078

241 GeoCrane the Shield-Bearer (level 5, -3/47 HPs)
             Began as a Minotaur Fighter on Sept 4, 2020.
             Killed by divine providence
             ... invoked by an orc priest
              (12 damage)
             ... on level 4 of the Dungeon.
             The game lasted 00:07:13 (2392 turns).

GeoCrane the Shield-Bearer (Minotaur Fighter)       Turns: 2392, Time: 00:07:13

Health: -3/47      AC:  7    Str: 22    XL:     5   Next: 80%
Magic:  4/4        EV:  7    Int:  5    God:
Gold:   217        SH:  9    Dex:  9    Spells: 4/4 levels left

rFire    . . .     SeeInvis .   a - +0 trident
rCold    . . .     Faith    .   c - +0 kite shield
rNeg     . . .     Spirit   .   b - +0 scale mail
rPois    .         Reflect  .   (helmet restricted)
rElec    .         Harm     .   (no cloak)
rCorr    .                      (no gloves)
MR       .....                  (no boots)
Stlth    ..........             (no amulet)
HPRegen  0.15/turn              (no ring)
MPRegen  0.09/turn              (no ring)

@: slowed, very slow
A: retaliatory headbutt, horns 2
a: no special abilities


You were on level 4 of the Dungeon.
You visited 1 branch of the dungeon, and saw 4 of its levels.

You collected 217 gold pieces.

Inventory:

Hand Weapons
 a - a +0 trident (weapon)
Missiles
 o - 10 poisoned darts (quivered)
 v - 9 boomerangs
Armour
 b - a +0 scale mail (worn)
 c - a +0 kite shield (worn)
Jewellery
 r - an uncursed ring of positive energy
 u - an uncursed ring of ice
 w - a cursed ring of teleportation {unknown}
Scrolls
 f - 6 scrolls of identify {unknown}
 g - 3 scrolls of remove curse {unknown}
 j - 3 scrolls of amnesia {unknown}
 k - a scroll of teleportation {unknown}
 l - a scroll of fog {unknown}
 m - a scroll of blinking {unknown}
 n - a scroll of enchant armour {unknown}
 t - a scroll of noise {unknown}
Potions
 d - 3 potions of might
 e - a potion of degeneration {unknown}
 h - a potion of brilliance {unknown}
 i - 2 potions of heal wounds {unknown}
 p - 2 potions of curing {unknown}
 q - a potion of invisibility {unknown}
 s - a potion of flight {unknown}


   Skills:
 + Level 4.8 Fighting
 * Level 4.7 Polearms
 + Level 4.8 Armour
 + Level 4.9 Shields


You had 4 spell levels left.
You didn't know any spells.
Your spell library was empty.

Dungeon Overview and Level Annotations

Branches:
Dungeon (4/15)
 Temple: D:4-7

Altars:
Trog

Annotations:
D:3 1 runed translucent door, PirateVox's ghost, amateur GnAK
D:4 Pikel


Innate Abilities, Weirdness & Mutations

You reflexively headbutt those who attack you in melee.
You have a pair of horns on your head.


Message History

The orc wizard seems to speed up.
The orc wizard hits you but does no damage.
You block the howler monkey's attack. The orc hits you but does no damage.
You closely miss the orc wizard. You headbutt the orc wizard!
The orc wizard is almost dead.
The orc wizard hits you but does no damage.
The orc wizard points at you and mumbles some strange words.
You feel yourself slow down. You block the howler monkey's attack.
The orc wizard gestures at you while chanting.
You block the puff of flame.
The orc wizard hits you but does no damage.
The orc priest hits you but does no damage.
The orc hits you but does no damage.
You closely miss the orc wizard.
The orc wizard is almost dead.
The orc wizard hits you but does no damage.
The orc wizard barely misses you. You block the howler monkey's attack.
The orc priest calls down the wrath of Beogh upon you.
Beogh smites you!
You die...

### ##.# ### .. ##..#
#.# .. ##...# ##<# ..#
##...†## #.##
.(.##......## ##.#
............#####..#
........###....##o##
#.....### ###.Sh@.#
##...## ##5ooo####
##...### #.K.o......
#......#####.........#
#....K.5...5......####
##.#######.........#
#..## ####.......#
..5.# ##......# .#..##
#..##...#


You could see Pikel, 2 lemures, a howler monkey, an orc priest, 2 orc wizards,
an adder and 2 orcs.

Vanquished Creatures
  A centaur skeleton (D:3)
  2 worker ants (D:4)
  An orc wizard (D:3)
  A worker ant zombie (D:3)
  2 adders (D:3)
  An adder skeleton (D:4)
  2 worms (D:3)
  4 dart slugs
  A leopard gecko (D:1)
  10 orcs (D:3)
  3 ball pythons
  3 giant cockroaches (D:1)
  5 goblins
  10 hobgoblins
  11 jackals
  5 kobolds
  3 quokkas
  7 bats
  2 frilled lizards
  6 rats
80 creatures vanquished.

Notes
Turn   | Place    | Note
-------+----------+-------------------------------------------
     0 | D:1      | GeoCrane the Minotaur Fighter began the quest for the Orb.
     0 | D:1      | Reached XP level 1. HP: 19/19 MP: 0/0
   269 | D:1      | Reached XP level 2. HP: 27/27 MP: 1/1
   662 | D:1      | Reached XP level 3. HP: 31/33 MP: 2/2
  1236 | D:2      | Found a bloodstained altar of Trog.
  1382 | D:3      | Reached XP level 4. HP: 40/40 MP: 3/3
  1433 | D:3      | Noticed PirateVox's ghost (amateur GnAK)
  1436 | D:3      | Found a runed translucent door.
  1756 | D:3      | Reached XP level 5. HP: 46/47 MP: 4/4
  1824 | D:3      | Found a faded altar of an unknown god.
  2352 | D:4      | Noticed a lemure
  2352 | D:4      | Noticed Pikel
  2353 | D:4      | Noticed a lemure
  2353 | D:4      | Noticed a lemure
  2353 | D:4      | Noticed a lemure
  2392 | D:4      | Killed from afar by an orc priest

Illustrated notes

Levels and vault maps discovered:
D:1:      dpeg_arrival_arbitrary_a, layout_basic
D:2:      layout_rooms, lightli_temple_of_fire
D:3:      layout_loops_cross, chequers_ecumenical_altar_simple,
          hellmonk_ghost_happy_afterlife, minmay_unequal
D:4:      layout_layer_cave, kennysheep_slug_shrine, uniq_sigmund,
          uniq_menkaure, uniq_pikel

Skill      XL: |  1  2  3  4 |
---------------+-------------+-----
Shields        | 4 |  4.9
Armour         | 4 |  4.8
Fighting       | 4 |  4.8
Polearms       | 3 4 |  4.7

Action                   |  1- 3 |  4- 6 || total
-------------------------+-------+-------++-------
Melee: Trident           |   108 |   107 ||   215
       Headbutt          |    16 |    14 ||    30
Armor: Scale mail        |    42 |    39 ||    81
Dodge: Dodged            |    30 |    29 ||    59
Block: Kite shield       |    45 |    49 ||    94

Table legend: (Time is in decaauts)
 A = Elapsed time spent in this place.
 B = Non-inter-level travel time spent in this place.
 C = Inter-level travel time spent in this place.
 D = Time resting spent in this place.
 E = Time spent auto-exploring this place.
 F = Levels seen in this place.
 G = Mean time per level.
                   A        B        C        D        E       F      G
               +--------+--------+--------+--------+--------+-----+--------+
         Total |   2435 |   2347 |     88 |    154 |   1728 |   4 |  608.8 |
       Dungeon |   2435 |   2347 |     88 |    154 |   1728 |   4 |  608.8 |
               +--------+--------+--------+--------+--------+-----+--------+

Top non-repeatable levels by time:
     D:3: 1057 daAuts
     D:1: 853 daAuts
     D:2: 425 daAuts
     D:4: 99 daAuts
